Map: Ley Lines

Players

RevenantRage - Winner!

  • Race: Protoss Protoss
  • League: Platinum
  • Spawn Location: 7:00

lightslayer

  • Race: Zerg Zerg
  • League: Platinum
  • Spawn Location: 1:00

VOD

Have the link to the VOD?

Description

Who hurt this guy?

Time

  • Played on: Dec. 4, 2024, 10:49 a.m.
  • Length: 9:20
Show
View Real Time Build Order
Export as new Build Order

RevenantRage Protoss - Winner!

Build Orders: Zealot Archon 

Get SALT Encoding   

  12  0:05  Probe  
  13  0:15  Pylon  
  13  0:18  Probe  
  14  0:30  Probe  
  15  0:36  Gateway  
  15  0:41  Probe  
  16  0:46  Assimilator  
  16  0:49  Probe  
  17  0:58  Probe  
  18  1:05  Assimilator  
  18  1:08  Probe  
  19  1:16  Pylon  
  19  1:20  Probe  
  20  1:35  Cybernetics Core  
  20  1:40  Gateway  
  20  1:46  Cybernetics Core  
  20  1:50  Probe  
  21  2:14  Nexus  
  21  2:16  Pylon  
  21  2:18  Probe  
  22  2:23  Warp Gate  
  22  2:30  Adept x2  
  22  2:36  Probe  
  27  2:50  Probe  
  28  2:59  Robotics Facility  
  28  3:02  Pylon  
  28  3:08  Twilight Council  
  28  3:09  Probe  
  29  3:22  Adept x2  
  29  3:25  Probe  
  34  3:54  Probe  
  34  3:55  Probe  
  32  4:07  Probe x2  
  34  4:13  Zealot x2  
  38  4:19  Probe x2, Pylon  
  38  4:21  Shield Battery  
  40  4:24  Gateway  
  40  4:25  Gateway  
  40  4:27  Observer  
  41  4:32  Charge  
  41  4:35  Probe x2  
  43  4:43  Templar Archives  
  43  4:47  Probe  
  43  4:48  Probe  
  45  4:52  Zealot  
  45  4:53  Zealot  
  45  4:59  Probe  
  50  5:00  Probe  
  50  5:02  Assimilator  
  50  5:06  Assimilator  
  51  5:14  Immortal  
  55  5:17  Probe x2  
  57  5:21  High Templar x2  
  57  5:25  Archon  
  61  5:42  Zealot x2  
  65  5:44  Probe x2  
  67  5:51  Psionic Storm  
  67  5:52  Warp Prism  
  69  6:01  Pylon  
  69  6:03  Pylon  
  70  6:04  Probe  
  70  6:07  Pylon  
  70  6:14  Forge  
  70  6:16  Forge  
  70  6:19  Probe  
  70  6:24  Zealot x4  
  79  6:34  Probe x2  
  81  6:53  Nexus  
  81  6:54  Pylon  
  81  6:57  Pylon  
  81  6:59  Pylon  
  79  7:01  Pylon  
  79  7:02  Probe x2  
  79  7:07  Protoss Ground Weapons Level 1, Protoss Ground Armor Level 1  
  81  7:10  Zealot x2  
  85  7:25  Zealot x2  
  77  7:37  High Templar x2  
  79  7:51  Zealot x2  
  69  8:06  Probe x3  
  69  8:10  Stalker x2  
  74  8:18  Probe x3  
  77  8:40  Probe x2  
  79  8:44  Zealot x4  
  87  8:58  Assimilator  
  87  9:02  Assimilator  
  87  9:06  Gateway  
  87  9:07  Gateway  
  87  9:09  Gateway  
  83  9:11  Gateway  
Show
View Real Time Build Order
Export as new Build Order

lightslayer Zerg 

Build Orders: Hatch First 

Get SALT Encoding   

  12  0:00  Drone  
  13  0:10  Drone  
  14  0:18  Overlord  
  14  0:42  Hatchery  
  13  0:45  Drone  
  14  0:59  Spawning Pool  
  14  1:02  Drone  
  14  1:09  Drone  
  15  1:36  Hatchery  
  14  1:42  Drone  
  14  1:44  Overlord  
  15  2:01  Queen  
  15  2:07  Queen  
  19  2:11  Drone  
  19  2:15  Zergling x2  
  21  2:18  Drone  
  22  2:23  Drone  
  22  2:25  Drone  
  24  2:32  Overlord  
  24  2:45  Spore Crawler  
  24  2:50  Spore Crawler  
  22  2:51  Drone x2  
  22  2:58  Drone, Extractor  
  24  2:59  Overlord  
  24  3:04  Drone  
  24  3:05  Drone  
  26  3:08  Drone  
  27  3:21  Drone  
  27  3:22  Drone x4  
  32  3:31  Zergling x2  
  32  3:32  Zergling x4  
  35  3:35  Zergling x2  
  36  3:46  Zergling x4  
  36  3:56  Drone  
  36  3:57  Drone x6  
  36  4:02  Drone x2, Extractor  
  43  4:04  Drone  
  44  4:14  Metabolic Boost  
  43  4:17  Drone x2  
  43  4:21  Drone x2  
  43  4:22  Drone  
  48  4:25  Drone, Extractor  
  48  4:26  Drone  
  48  4:28  Drone  
  50  4:33  Zergling x6  
  53  4:40  Queen  
  53  4:43  Overlord  
  55  4:47  Overlord  
  55  4:55  Drone  
  55  4:56  Lair, Extractor  
  55  4:57  Drone  
  55  4:58  Drone  
  57  5:02  Drone x2  
  57  5:06  Drone  
  57  5:07  Drone x2  
  62  5:23  Drone, Roach Warren  
  62  5:24  Drone  
  62  5:25  Drone x6  
  69  5:29  Spore Crawler  
  68  5:43  Evolution Chamber x2, Drone  
  68  5:44  Drone  
  68  5:53  Drone  
  68  5:54  Drone x3  
  72  5:57  Extractor  
  71  6:07  Glial Reconstitution, Hydralisk Den  
  71  6:08  Roach  
  71  6:10  Overlord x2  
  71  6:11  Overlord x3  
  72  6:14  Overseer  
  72  6:17  Zerg Ground Armor Level 1  
  72  6:18  Zerg Melee Weapons Level 1  
  72  6:21  Zergling x2  
  72  6:24  Overlord  
  72  6:25  Overlord x2  
  73  6:29  Roach  
  73  6:30  Roach x4  
  83  6:53  Drone x2  
  83  6:54  Drone  
  86  6:59  Roach  
  86  7:00  Roach x7  
  91  7:14  Roach  
  91  7:15  Roach x3  
  95  7:22  Zergling x2  
  90  7:23  Zergling x2  
  90  7:25  Roach  
  73  7:33  Zergling x4  
  63  7:39  Zergling x4  
  49  7:56  Drone x4  
  33  8:17  Drone x2  
  33  8:18  Drone  
  33  8:21  Spine Crawler  
  33  8:22  Spine Crawler  
  33  8:23  Spine Crawler  
  33  8:26  Spine Crawler  
  29  8:35  Spine Crawler  
  29  8:36  Drone x3  
  29  9:06  Drone x2  
Tags
 
Composition
Zealot Archon
Matchup
PvZ
Spawn Locations
Cross Positions
Add a new tag
Caveats
  • Supply blocks, unpowered buildings, or Contaminate may cause inaccurate times.
  • Supply counts are checked every 10 seconds.